 Dungeon Crawl Stone Soup version 0.25.0-9-g26727b657a (webtiles) character file.

Game seed: 5341731317124842492

139 grindst0ne the Ducker (level 4, -5/33 HPs)
             Began as a Demigod Wizard on June 19, 2020.
             Slain by Menkaure (17 damage)
             ... on level 4 of the Dungeon.
             The game lasted 00:10:16 (4752 turns).

grindst0ne the Ducker (Demigod Wizard)              Turns: 4752, Time: 00:10:17

Health: -5/33      AC: 12    Str: 10    XL:     4   Next: 70%
Magic:  10/10      EV: 13    Int: 24    God:
Gold:   219        SH:  0    Dex: 14    Spells: 0/8 levels left

rFire    . . .     SeeInvis .   l - +0 hand axe
rCold    . . .     Gourm    .   (no shield)
rNeg     . . .     Faith    .   a - +0 robe
rPois    .         Spirit   .   w - +0 helmet
rElec    .         Reflect  .   (no cloak)
rCorr    .         Harm     .   (no gloves)
MR       .....                  t - +0 pair of boots
Stlth    +.........             (no amulet)
HPRegen  0.11/turn              q - +4 ring of protection
MPRegen  0.12/turn              y - +4 ring of protection

@: confused, very slightly contaminated
A: high mp 1
a: no special abilities


You were on level 4 of the Dungeon.
You were very hungry.

You visited 1 branch of the dungeon, and saw 4 of its levels.

You collected 219 gold pieces.

Inventory:

Hand Weapons
 l - a +0 hand axe (weapon)
 m - a +0 dagger
Missiles
 r - 10 poisoned darts (quivered)
Armour
 a - a +0 robe (worn)
 t - a +0 pair of boots (worn)
 w - a +0 helmet (worn)
Jewellery
 q - a +4 ring of protection (left hand)
 y - a +4 ring of protection (right hand)
Scrolls
 c - 2 scrolls of magic mapping {unknown}
 e - 4 scrolls of teleportation {unknown}
 f - 2 scrolls of enchant weapon {unknown}
 g - 5 scrolls of identify {unknown}
 h - a scroll of fog {unknown}
 j - 3 scrolls of noise {unknown}
 n - a scroll of immolation {unknown}
 o - 2 scrolls of enchant armour {unknown}
 s - 6 scrolls of remove curse {unknown}
 x - a scroll of blinking {unknown}
Potions
 i - 2 potions of curing {unknown}
 p - a potion of degeneration {unknown}
 u - a potion of mutation {unknown}
 v - a potion of heal wounds {unknown}
Comestibles
 d - 7 rations


   Skills:
 + Level 3.1 Dodging
 - Level 1.7 Stealth
 - Level 2.6 Spellcasting
 + Level 2.6 Conjurations
 - Level 0.8 Summonings
 - Level 2.0 Translocations
 + Level 1.0 Fire Magic


You couldn't memorise any spells.
You knew the following spells:

 Your Spells              Type           Power        Failure   Level  Hunger
a - Magic Dart            Conj           ###.         3%          1    None
b - Blink                 Tloc           N/A          8%          2    ##.....
c - Conjure Flame         Conj/Fire      ##......     16%         3    ###....
d - Call Imp              Summ           #.......     12%         2    ##.....

Your spell library contained the following spells:

 Spells                   Type           Power        Failure   Level  Hunger
 Slow                     Hex            #.......     17%         2    ##.....
 Mephitic Cloud           Conj/Pois/Air  #.......     24%         3    ###....


Dungeon Overview and Level Annotations

Branches:
Dungeon (4/15)
 Temple: D:4-7

Annotations:
D:2 exclusion: downstairs
D:4 Menkaure


Innate Abilities, Weirdness & Mutations

You have an increased reservoir of magic. (+10% MP)


Message History

Menkaure hits you!!
Ouch! That really hurt!
* * * LOW HITPOINT WARNING * * *
Menkaure gestures at you while chanting.
Pain shoots through your body!
* * * LOW HITPOINT WARNING * * *
Menkaure barely misses you.
You hit Menkaure.
Menkaure is severely damaged.
Menkaure hits you but does no damage.
You bump into the rock wall.
Menkaure calls on the powers of darkness!
Your body is wracked with pain!
* * * LOW HITPOINT WARNING * * *
You bump into the rock wall.
Menkaure hits you.
* * * LOW HITPOINT WARNING * * *
Menkaure closely misses you.
You bump into the rock wall.
Menkaure hits you!
Ouch! That really hurt!
You die...

##.. ##..
#..## #.#..
...# .....
#..###...#
#..#.....#
#........##
#....#.?...
###@.<..#
#...M%.(#
#...(.....#
.....(......#
............##
.............#
......##....##
...... ......
..# M......


You could see Menkaure (fast).

Vanquished Creatures
  Robin (D:3)
  3 adders (D:3)
  An ooze (D:3)
  3 worms
  2 dart slugs (D:1)
  2 ball pythons
  9 bats
  3 giant cockroaches (D:2)
  17 goblins
  17 hobgoblins
  3 jackals
  8 kobolds
  A quokka (D:4)
  3 frilled lizards
  5 rats
78 creatures vanquished.

Notes
Turn   | Place    | Note
-------+----------+-------------------------------------------
     0 | D:1      | grindst0ne the Demigod Wizard began the quest for the Orb.
     0 | D:1      | Reached XP level 1. HP: 14/14 MP: 6/6
   214 | D:1      | Reached skill level 1 in Conjurations
   291 | D:1      | Reached skill level 2 in Dodging
   561 | D:1      | Reached XP level 2. HP: 20/20 MP: 5/8
   566 | D:1      | Learned a level 2 spell: Blink
  1489 | D:2      | Reached skill level 1 in Translocations
  1511 | D:2      | Found a glowing golden altar of the Shining One.
  1707 | D:2      | Reached XP level 3. HP: 26/26 MP: 7/9
  2932 | D:3      | Found a shattered altar of Ashenzari.
  2932 | D:3      | Noticed Robin
  3349 | D:3      | Learned a level 3 spell: Conjure Flame
  3489 | D:3      | Killed Robin
  3489 | D:3      | Reached XP level 4. HP: 33/33 MP: 0/10
  3602 | D:3      | Reached skill level 3 in Dodging
  3821 | D:3      | Found a glowing silver altar of Zin.
  3821 | D:3      | Found a hide-covered altar of Uskayaw.
  4655 | D:4      | Reached skill level 1 in Fire Magic
  4657 | D:4      | Noticed Menkaure
  4733 | D:3      | Learned a level 2 spell: Call Imp
  4748 | D:4      | HP: 1/33 [Menkaure/nerve-wracking pain (6)]
  4752 | D:4      | Slain by Menkaure

Illustrated notes

Levels and vault maps discovered:
D:1:      scummos_arrival_simple_fountains, layout_loops_corners, serial_glass,
          glass_columns_c, glass_columns_c
D:2:      layout_loops_ring, tso_metal_star, minmay_pentomino_pile
D:3:      minmay_wonky_spiral, layout_basic, cheibrodos_ashenzari_chains,
          chequers_temple_overflow_statue_of_worship, first_ration, uniq_robin
D:4:      layout_cave_pools, uniq_menkaure

Skill      XL: |  1  2  3  4 |
---------------+-------------+-----
Conjurations   | 1 2 |  2.6
Dodging        | 2 3 |  3.1
Translocations | 1 2 |  2.0
Fire Magic     | 1 |  1.0
Stealth        | |  1.7
Spellcasting   | |  2.6
Summonings     | |  0.8

Action                   |  1- 3 |  4- 6 || total
-------------------------+-------+-------++-------
Melee: Hand axe          |    16 |     2 ||    18
Throw: Dart              |       |    11 ||    11
 Cast: Magic Dart        |   184 |    84 ||   268
       Blink             |     1 |       ||     1
  Use: Potion            |     2 |     1 ||     3
 Stab: Sleeping          |     1 |       ||     1
  Eat: Chunk             |     5 |     2 ||     7
       Ration            |     1 |       ||     1
Armor: Robe              |    16 |     7 ||    23
Dodge: Dodged            |    39 |    19 ||    58
